Map: Breakwater LE

Players

Ekelpack

  • Race: Zerg Zerg
  • Spawn Location: 1:00

Nyck

  • Race: Terran Terran
  • Spawn Location: 1:00

Antarez - Winner!

  • Race: Zerg Zerg
  • Spawn Location: 7:00

Ceratrexx - Winner!

  • Race: Protoss Protoss
  • Spawn Location: 7:00

VOD

Have the link to the VOD?

Description

Time

  • Played on: Feb. 4, 2025, 2:57 p.m.
  • Length: 12:17
Show
View Real Time Build Order
Export as new Build Order

Ekelpack Zerg 

Build Orders: Hatch First 

Get SALT Encoding   

  12  0:00  Drone  
  13  0:13  Overlord  
  13  0:16  Drone  
  14  0:31  Drone x2  
  16  0:35  Drone  
  17  0:45  Drone  
  18  0:57  Drone, Hatchery  
  18  1:04  Extractor  
  18  1:08  Drone  
  18  1:16  Spawning Pool  
  18  1:18  Drone  
  18  1:29  Drone  
  19  1:39  Drone  
  20  1:50  Drone  
  21  2:01  Overlord  
  21  2:08  Queen  
  23  2:23  Roach Warren  
  23  2:24  Extractor  
  23  2:25  Evolution Chamber  
  20  2:30  Zergling x2  
  20  2:31  Zergling x2  
  20  2:34  Zergling x2  
  23  2:48  Overlord x2  
  23  2:51  Zerg Missile Weapons Level 1  
  23  3:07  Roach x2  
  23  3:11  Drone  
  28  3:21  Roach x3  
  34  3:31  Drone  
  35  3:40  Roach  
  37  3:50  Lair  
  34  4:07  Roach x4  
  42  4:35  Hatchery  
  41  4:42  Roach x2  
  37  4:52  Drone x2  
  39  5:02  Roach  
  39  5:03  Roach  
  35  5:41  Roach x3  
  35  5:42  Roach x2  
  37  5:59  Zerg Missile Weapons Level 2  
  37  6:00  Hydralisk Den  
  37  6:03  Roach x3  
  44  6:12  Overlord  
  42  6:31  Hydralisk x3  
  48  6:46  Hydralisk  
  48  6:47  Hydralisk x2  
  48  6:52  Grooved Spines  
  54  7:33  Overlord  
  54  7:51  Hydralisk  
  54  7:52  Hydralisk x3  
  54  7:54  Overlord  
  62  8:07  Overlord  
  62  8:23  Hydralisk x4  
  70  8:49  Hatchery  
  70  8:53  Queen  
  55  9:25  Roach x2  
  55  9:26  Hydralisk, Roach x2  
  65  9:53  Muscular Augments  
  65  9:57  Drone x2  
  65  9:59  Drone  
  68  10:14  Zerg Ground Armor Level 1  
  68  10:18  Drone  
  68  10:20  Extractor  
  68  10:24  Drone  
  69  10:38  Queen  
  69  10:41  Drone  
  72  10:54  Drone  
  72  10:55  Drone x3  
  74  11:25  Roach x4  
  70  11:26  Roach x4  
  78  11:52  Roach x3  
  84  11:56  Overlord x2  
Show
View Real Time Build Order
Export as new Build Order

Nyck Terran 

Build Orders:  

Get SALT Encoding   

  12  0:00  SCV  
  13  0:12  SCV  
  14  0:18  Supply Depot  
  14  0:24  SCV  
  15  0:39  SCV  
  16  0:43  Barracks  
  16  0:51  SCV  
  16  0:53  Refinery  
  17  1:04  SCV  
  18  1:09  Barracks  
  18  1:17  SCV  
  19  1:21  Supply Depot  
  19  1:29  SCV  
  20  1:36  Reaper, Barracks  
  21  1:45  Orbital Command  
  21  2:01  Barracks Reactor  
  21  2:02  Refinery  
  21  2:18  SCV  
  21  2:20  Barracks Tech Lab  
  22  2:30  Barracks Tech Lab, SCV  
  23  2:39  Marauder  
  25  2:45  Supply Depot  
  25  2:52  Engineering Bay  
  25  2:54  SCV, Engineering Bay  
  26  3:01  Marauder  
  28  3:07  SCV  
  28  3:08  Marauder  
  28  3:09  Marine x2  
  28  3:12  Supply Depot  
  33  3:19  SCV  
  34  3:22  Terran Infantry Weapons Level 1  
  34  3:23  Terran Infantry Armor Level 1  
  34  3:32  SCV  
  34  3:33  Marine  
  34  3:34  Marine  
  37  3:38  Marauder  
  39  3:45  Marauder  
  40  3:49  SCV  
  40  3:55  Marine x2  
  45  4:02  Marauder  
  45  4:09  Concussive Shells  
  45  4:12  Marauder  
  47  4:25  Supply Depot  
  47  4:26  SCV, Marine x2  
  47  4:28  Marauder  
  52  4:36  Marauder  
  52  4:38  SCV  
  55  4:43  Combat Shield  
  55  4:51  SCV  
  36  5:35  Marine  
  33  5:38  Marine, Marauder x2  
  36  5:44  Command Center  
  36  5:48  Factory  
  36  5:50  Stimpack  
  36  5:53  Marine  
  36  5:56  Marine  
  38  5:59  Marauder  
  38  6:00  Marauder  
  38  6:03  SCV  
  43  6:11  Marine  
  44  6:14  Marine  
  45  6:21  Marauder x2  
  49  6:30  SCV  
  50  6:34  Armory  
  50  6:39  Marine x2  
  52  6:40  Starport  
  52  6:53  Widow Mine  
  54  6:58  Marine x2, Marauder x2  
  60  7:05  Orbital Command  
  60  7:17  Medivac  
  62  7:39  Marine  
  62  7:40  Marine, Marauder  
  62  7:41  Marauder  
  62  7:42  Terran Infantry Weapons Level 2  
  68  7:47  Medivac  
  65  8:23  Orbital Command  
  65  8:24  SCV  
  66  8:28  Marine x2, Marauder x2  
  72  8:34  Terran Infantry Armor Level 2  
  72  8:36  SCV, Medivac  
  75  8:54  SCV x2  
  77  9:06  SCV  
  65  9:27  Marine x2, Marauder  
  65  9:29  Medivac  
  65  9:31  Marauder  
  73  9:33  SCV x2  
  75  9:45  SCV x2  
  76  9:48  Marine x2, Marauder  
  76  9:52  Marauder  
  83  10:01  Command Center  
  83  10:07  SCV x2  
  83  10:09  Marine  
  86  10:20  Marine, Marauder x2, Medivac  
  93  10:24  Refinery x2  
  93  10:32  Marine  
  94  10:36  Factory Reactor  
  94  10:43  Starport  
  94  10:44  Supply Depot  
  94  11:02  Marine  
  94  11:03  Marine  
  93  11:04  Marauder  
  93  11:05  Marauder  
  93  11:08  Supply Depot  
  85  11:20  Marine x2  
  78  11:25  Marauder  
  78  11:27  Marauder  
  82  11:36  SCV  
  82  11:38  SCV  
  82  11:42  Refinery  
  80  11:48  SCV  
  80  11:50  SCV  
  80  11:58  Marine  
  80  11:59  Marine  
Show
View Real Time Build Order
Export as new Build Order

Antarez Zerg - Winner!

Build Orders: Hatch First, Lurkers 

Get SALT Encoding   

  12  0:00  Drone  
  13  0:28  Hatchery  
  12  0:33  Drone  
  13  0:40  Overlord  
  13  0:45  Drone  
  13  0:48  Extractor  
  13  0:54  Drone  
  14  0:59  Drone  
  15  1:07  Drone  
  16  1:19  Drone  
  17  1:29  Drone  
  18  1:38  Spawning Pool  
  17  1:40  Drone  
  17  1:41  Drone  
  19  1:50  Drone  
  20  1:54  Drone  
  20  2:00  Drone  
  22  2:04  Drone  
  23  2:11  Drone  
  24  2:16  Overlord  
  24  2:22  Drone  
  25  2:28  Metabolic Boost  
  26  2:30  Hatchery, Zergling x2  
  26  2:33  Zergling x2  
  26  2:34  Zergling x2  
  27  2:43  Zergling x2  
  28  2:46  Zergling x2  
  29  2:53  Zergling x2  
  29  2:55  Queen  
  29  2:57  Zergling x2  
  33  3:05  Zergling x2  
  34  3:06  Roach Warren  
  34  3:07  Drone  
  34  3:28  Zergling x2  
  34  3:29  Zergling x2  
  34  3:31  Overlord x2  
  36  3:35  Lair  
  34  3:49  Drone x3  
  34  3:50  Drone x2  
  37  3:58  Zergling x4  
  36  4:06  Zergling x8  
  36  4:07  Zergling x2  
  38  4:11  Zergling x4  
  38  4:15  Zergling x2  
  41  4:22  Spine Crawler  
  40  4:26  Zergling x6  
  43  4:35  Zergling x4  
  43  4:43  Zergling x10  
  43  4:46  Zergling x2  
  43  4:49  Zergling x2  
  45  4:53  Zergling x2  
  45  4:59  Zergling x4  
  48  5:03  Queen  
  48  5:05  Zergling x2  
  51  5:12  Zergling x4  
  47  5:16  Zergling x2  
  42  5:27  Zergling x6  
  41  5:31  Drone x2  
  41  5:36  Zergling x4  
  41  5:37  Zergling x4  
  41  5:42  Drone  
  46  5:47  Zergling x4  
  46  5:51  Glial Reconstitution  
  46  5:53  Hydralisk Den  
  46  5:54  Drone  
  46  5:55  Extractor  
  45  5:59  Zergling x4  
  47  6:13  Drone x6  
  47  6:14  Drone x4  
  57  6:24  Drone  
  58  6:26  Overlord x2  
  58  6:30  Grooved Spines  
  58  6:42  Overlord x2  
  58  6:50  Evolution Chamber  
  58  6:52  Drone x7, Evolution Chamber  
  58  6:53  Drone x2  
  65  6:56  Extractor  
  65  6:57  Extractor  
  63  7:01  Baneling Nest  
  63  7:04  Queen  
  64  7:14  Overlord x2  
  64  7:16  Drone x3  
  64  7:17  Drone  
  68  7:22  Muscular Augments  
  68  7:35  Pneumatized Carapace  
  68  7:37  Overseer  
  68  7:38  Overseer x2  
  68  7:47  Hydralisk x6  
  80  7:53  Zerg Missile Weapons Level 1  
  80  7:55  Zerg Ground Armor Level 1  
  80  7:56  Zergling x2  
  80  7:57  Zergling x2  
  82  8:08  Lurker Den  
  82  8:12  Drone  
  82  8:13  Drone x8  
  82  8:19  Drone x2  
  93  8:20  Drone x2  
  93  8:22  Extractor  
  93  8:23  Extractor  
  92  8:50  Drone x3  
  92  8:51  Spine Crawler, Drone x3  
  92  8:52  Hatchery  
  83  9:03  Roach  
  83  9:04  Roach x6  
  85  9:29  Lurker x2  
  87  9:39  Zergling x4  
  87  9:40  Zergling x14  
  96  9:48  Queen  
  98  9:53  Zerg Missile Weapons Level 2  
  98  10:05  Spore Crawler  
  98  10:06  Hydralisk  
  97  10:07  Hydralisk x6  
  97  10:09  Overlord x2  
  111  10:23  Overlord x2  
  111  10:26  Queen  
  113  10:31  Hydralisk x5  
  113  10:35  Lurker x4  
  126  10:40  Overlord x4  
  127  10:44  Infestation Pit  
  126  10:51  Extractor  
  126  10:52  Roach x5  
  126  10:53  Roach x4  
  134  11:17  Hydralisk x12  
  158  11:35  Hydralisk x2  
  162  11:49  Zergling x4  
  162  11:50  Zergling x20  
Show
View Real Time Build Order
Export as new Build Order

Ceratrexx Protoss - Winner!

Build Orders:  

Get SALT Encoding   

  12  0:01  Probe  
  13  0:13  Probe  
  14  0:22  Pylon  
  14  0:25  Probe  
  15  0:36  Probe  
  16  0:44  Probe  
  16  0:46  Forge  
  17  0:54  Probe  
  17  0:56  Gateway  
  18  1:04  Assimilator  
  18  1:14  Probe, Pylon  
  19  1:22  Probe  
  19  1:32  Probe, Photon Cannon  
  21  1:48  Cybernetics Core  
  21  1:49  Probe  
  22  2:05  Photon Cannon  
  22  2:06  Photon Cannon  
  22  2:10  Photon Cannon  
  22  2:16  Probe  
  22  2:22  Assimilator  
  23  2:28  Probe  
  24  2:30  Shield Battery  
  24  2:34  Shield Battery  
  24  2:35  Warp Gate  
  24  2:43  Probe  
  24  2:44  Stalker  
  27  2:55  Probe  
  29  3:20  Stalker  
  28  3:23  Nexus  
  30  3:28  Protoss Ground Weapons Level 1, Pylon  
  30  3:29  Probe  
  31  3:42  Probe  
  32  3:55  Pylon  
  32  4:05  Gateway  
  32  4:06  Gateway  
  32  4:14  Gateway  
  32  4:26  Probe  
  32  4:29  Stalker  
  35  4:38  Probe  
  36  4:51  Probe  
  37  4:55  Stalker  
  39  5:00  Stalker  
  39  5:01  Pylon  
  39  5:02  Stalker  
  43  5:12  Stalker  
  45  5:30  Stalker x2  
  45  5:31  Stalker  
  51  5:37  Photon Cannon  
  51  5:40  Photon Cannon  
  51  6:02  Stalker x3  
  51  6:03  Stalker  
  59  6:06  Nexus  
  59  6:10  Pylon  
  59  6:31  Probe  
  59  6:33  Assimilator  
  59  6:38  Stalker x4  
  59  6:39  Protoss Ground Armor Level 1, Probe  
  68  6:43  Probe  
  69  6:51  Probe  
  70  6:56  Twilight Council  
  70  6:58  Robotics Facility  
  70  6:59  Assimilator  
  71  7:01  Probe  
  71  7:03  Pylon  
  71  7:08  Probe, Photon Cannon  
  72  7:13  Blink  
  73  7:16  Probe  
  73  7:22  Probe  
  75  7:26  Probe  
  72  7:34  Probe  
  73  7:39  Robotics Facility  
  73  7:43  Probe  
  74  7:46  Probe  
  75  7:53  Robotics Bay  
  75  7:55  Probe  
  75  7:56  Probe  
  76  7:58  Probe  
  76  8:03  Stalker  
  76  8:04  Stalker x3, Probe  
  86  8:08  Probe  
  88  8:31  Extended Thermal Lance  
  88  8:35  Probe  
  88  8:38  Nexus  
  88  8:40  Pylon  
  89  8:42  Pylon  
  89  8:47  Probe  
  90  8:52  Pylon  
  90  8:53  Pylon, Protoss Ground Weapons Level 2  
  90  8:55  Pylon  
  90  8:57  Colossus  
  90  8:59  Colossus  
  92  9:27  Stalker x4  
  100  9:38  Gateway  
  100  9:40  Gateway  
  100  9:43  Gateway x2  
  100  9:45  Photon Cannon  
  100  9:46  Probe  
  100  9:47  Photon Cannon, Colossus x2  
  100  9:49  Photon Cannon  
  101  9:54  Probe  
  101  9:56  Gateway x2  
  102  10:04  Probe  
  115  10:14  Charge  
  115  10:16  Probe  
  115  10:19  Zealot x2  
  115  10:20  Zealot x2  
  124  10:36  Immortal  
  124  10:37  Immortal  
  132  10:48  Stalker x3  
  132  10:49  Stalker  
  120  11:29  Stalker x6  
  120  11:30  Stalker x2  
  120  11:31  Stalker  
Tags
 
Add a new tag
Caveats
  • Supply blocks, unpowered buildings, or Contaminate may cause inaccurate times.
  • Supply counts are checked every 10 seconds.